 Dungeon Crawl Stone Soup version 0.30-a0-12-gd8047c6341 (webtiles) character file.

Game seed: 8547702800310163378

13318 SensoryNuts the Severer (level 12, -4/99 (106) HPs)
             Began as a Hill Orc Fighter on Aug 23, 2022.
             Was an Initiate of Gozag.
             Slain by Donald
             ... wielding a +2 broad axe of draining
              (24 damage)
             ... on level 1 of the Orcish Mines.
             The game lasted 00:23:24 (13236 turns).

SensoryNuts the Severer (Hill Orc Fighter)         Turns: 13236, Time: 00:23:24

HP:   -4/99 (106)   AC: 12    Str: 20    XL:     12   Next: 4%
MP:   12/12         EV: 17    Int:  5    God:    Gozag
Gold: 639           SH:  7    Dex: 23    Spells: 11/11 levels left

rFire   + + +      SeeInvis +    u - +6 broad axe "Tot Tie" {spect, Drain rF++ rCorr Dex+3}
rCold   + . .      Faith    .    c - +0 buckler
rNeg    + + .      Spirit   .    k - +3 troll leather armour
rPois   +          Reflect  .    (no helmet)
rElec   +          Harm     .    t - +1 cloak
rCorr   +          Rampage  .    d - +0 pair of gloves
Will    +++..      Clarity  +    (no boots)
Stlth   +++.......               f - amulet "Muejo" {rN++ Will+++ Regen+ Int-3 SInv}
HPRegen 1.86/turn                p - +6 ring of dexterity
MPRegen 0.13/turn                q - +4 ring of evasion

@: resistant, gold aura, drained
A: clarity, poison resistance
a: Renounce Religion, Potion Petition, Call Merchant, Bribe Branch


You were on level 1 of the Orcish Mines.
You worshipped Gozag.
Gozag was pleased with you.
You visited 3 branches of the dungeon, and saw 14 of its levels.
You also visited: Bailey.

You collected 2668 gold pieces.
You spent 1947 gold pieces at shops.
You paid 82 gold pieces to Gozag.

Inventory:

Hand Weapons
 u - the +6 broad axe "Tot Tie" (weapon) {spect, Drain rF++ rCorr Dex+3}
   (You bought it in a shop on level 2 of the Dungeon)

   When its wielder attacks, the weapon's spirit leaps out and strikes again.
   The spirit shares a part of any damage it takes with its wielder.
   Dex:       It affects your dexterity (+3).
   rF:        It greatly protects you from fire.
   rCorr:     It protects you from acid and corrosion.
   Drain:     It drains your maximum health when unequipped.
Armour
 c - a +0 buckler (worn)
 d - a +0 pair of gloves (worn)
 k - a +3 troll leather armour (worn)
 t - a +1 cloak (worn)
Jewellery
 f - the amulet "Muejo" (around neck) {rN++ Will+++ Regen+ Int-3 SInv}
   (You bought it in a shop on level 1 of the Dungeon)

   [amulet of regeneration]

   Int:       It affects your intelligence (-3).
   rN:        It greatly protects you from negative energy.
   SInv:      It lets you see invisible.
   Regen:     It increases your rate of health regeneration.
   Will:      It greatly increases your willpower.
 p - a +6 ring of dexterity (left hand)
 q - a +4 ring of evasion (right hand)
 r - an amulet of magic regeneration
Wands
 b - a wand of mindburst (21) (quivered)
 j - a wand of charming (8)
 n - a wand of iceblast (17)
 v - a wand of polymorph (11)
 y - a wand of flame (9)
Scrolls
 e - 5 scrolls of teleportation
 i - 2 scrolls of identify
 m - a scroll of immolation
 o - 3 scrolls of blinking
 s - a scroll of magic mapping
Potions
 h - a potion of magic
 l - 2 potions of brilliance
 x - a potion of resistance
 z - a potion of degeneration


   Skills:
 + Level 9.8 Fighting
 * Level 17.6 Axes
 + Level 8.4 Armour
 + Level 2.6 Dodging
 + Level 5.1 Stealth
 + Level 6.1 Shields


You had 11 spell levels left.
You didn't know any spells.
Your spell library contained the following spells:

 Spells                   Type           Power      Damage    Failure   Level
 Sublimation of Blood     Necr           0%         N/A       75%         2
 Wereblood                Tmut           0%         N/A       75%         2
 Conjure Flame            Conj/Fire      0%         6-21      93%         3
 Gell's Gravitas          Tloc           0%         N/A       93%         3
 Ignite Poison            Fire/Tmut/Pois 0%         N/A       93%         3
 Lesser Beckoning         Tloc           0%         N/A       93%         3
 Portal Projectile        Hex/Tloc       0%         N/A       93%         3
 Teleport Other           Tloc           0%         N/A       93%         3
 Tukima's Dance           Hex            0%         N/A       93%         3
 Passage of Golubria      Tloc           0%         N/A       100%        4
 Sticky Flame             Conj/Fire      0%         2d3       100%        4
 Blade Hands              Tmut           0%         N/A       100%        5
 Yara's Violent Unravell  Hex/Tmut       0%         3d3       100%        5
 Dispersal                Tloc           0%         N/A       100%        6
 Summon Hydra             Summ           0%         N/A       100%        7


Dungeon Overview and Level Annotations

Branches:
Dungeon (11/15)            Temple (1/1) D:4             Orc (2/2) D:9
 Bailey (visited)
   Lair: D:8-11         Elf: Orc:2

Altars:
Ashenzari
Cheibriados
Dithmenos
Elyvilon
Fedhas
Gozag
Hepliaklqana
Kikubaaqudgha
Makhleb
Nemelex Xobeh
Okawaru
Qazlal
Ru
Sif Muna
Trog
Uskayaw
Vehumet
Wu Jian
Xom
Yredelemnul
Zin
The Shining One

Shops:
D:1 =   D:2 (   D:3 !   D:6 *

Annotations:
D:8 1 runed translucent door, porpoise's ghost, novice TrTm
Orc:1 Donald


Innate Abilities, Weirdness & Mutations

You possess an exceptional clarity of mind.
Your system is resistant to poisons. (rPois)


Message History

Donald hits you with a +2 broad axe of draining!
You partially resist.
You feel drained.
Donald hits your +6 broad axe "Tot Tie" {spect, Drain rF++ rCorr Dex+3} with a +2 broad axe of draining!!
Your spectral weapon shares its damage with you!
Your +6 broad axe "Tot Tie" {spect, Drain rF++ rCorr Dex+3} fades away.
You are too injured to fight recklessly!
Okay, then.
Okay, then.
You are too injured to fight recklessly!
You are too injured to fight recklessly!
Donald blocks your attack.
Your +6 broad axe "Tot Tie" {spect, Drain rF++ rCorr Dex+3} hits Donald!!
You are too injured to fight recklessly!
Donald blocks your attack.
Donald is moderately wounded.
Your +6 broad axe "Tot Tie" {spect, Drain rF++ rCorr Dex+3} hits Donald!
Donald is distracted by your dazzling golden aura.
Donald is no longer distracted by gold.
Donald shouts!
Donald resists with almost no effort.
You block Donald's attack. Donald blocks your attack.
Donald is heavily wounded.
Your +6 broad axe "Tot Tie" {spect, Drain rF++ rCorr Dex+3} hits Donald.
Donald hits you with a +2 broad axe of draining!!
* * * LOW HITPOINT WARNING * * *
You partially resist.
You feel drained.
* * * LOW HITPOINT WARNING * * *
Donald hits your +6 broad axe "Tot Tie" {spect, Drain rF++ rCorr Dex+3} with a +2 broad axe of draining!!
Your spectral weapon shares its damage with you!
Your +6 broad axe "Tot Tie" {spect, Drain rF++ rCorr Dex+3} fades away.
* * * LOW HITPOINT WARNING * * *
You feel better.
Donald hits you with a +2 broad axe of draining!
* * * LOW HITPOINT WARNING * * *
You partially resist.
You feel drained.
Okay, then.
You feel protected.
Donald hits you with a +2 broad axe of draining!!
You die...
Your body crumbles into a pile of gold.

##.## ###.## ##### #....#
#.#.### ###.#.##
#.....####.....##
........##......##
.................##
............#..[)$####
.#.........###.$@@##.##
..#........##..ยงยง)....#
.##.......##.#...^...##
..........#........###
......)#)[.........#
.....##).[.........#
.......#[)[)...##.##
.......###.[....#####
.#.##.###..).....#..##


You could see Donald (strong).

Vanquished Creatures
  An orc warlord (Bailey)
  A boulder beetle (D:10)
  Lodul (D:10)
  An orc knight (Bailey)
  Joseph (D:8)
  2 gargoyles (D:10)
  2 kobold demonologists (D:9)
  2 trolls
  Grinder (D:4)
  3 shadows
  A wyvern (D:9)
  A wraith (D:10)
  2 steam dragons
  4 wargs (D:9)
  2 acid dragons
  Duvessa (D:4)
  3 black bears
  A sky beast (D:7)
  23 orc warriors
  2 ice beasts (D:6)
  11 ogres
  4 centaurs
  4 phantoms
  4 kobold brigands
  2 bullfrogs
  2 necrophages
  A scorpion (D:6)
  A water moccasin skeleton (D:6)
  5 wights (D:6)
  Dowan (D:4)
  4 killer bees (D:10)
  4 electric eels
  3 howler monkeys
  2 bullfrog zombies (D:6)
  4 jellies
  3 centaur skeletons (D:6)
  2 gnoll boudas (D:7)
  8 orc priests
  Crazy Yiuf (D:5)
  A bullfrog skeleton (D:6)
  2 iguanas
  12 orc wizards
  A killer bee zombie (D:6)
  15 gnolls
  9 adders
  A shadow imp (D:7)
  2 white imps
  2 ufetubi
  3 dart slugs
  51 orcs
  5 bats
  7 endoplasms
  14 goblins
  8 hobgoblins
  7 quokkas
  4 ball pythons
  2 frilled lizards
  19 kobolds
  3 rats
289 creatures vanquished.

Vanquished Creatures (others)
  4 fungi (D:5)
  4 withered plants (D:6)
8 creatures vanquished.

Grand Total: 297 creatures vanquished

Notes
Turn   | Place    | Note
-------+----------+-------------------------------------------
     0 | D:1      | SensoryNuts the Hill Orc Fighter began the quest for the
                  | Orb.
     0 | D:1      | Reached XP level 1. HP: 19/19 MP: 1/1
    64 | D:1      | Found a faded altar of an unknown god.
   358 | D:1      | Reached XP level 2. HP: 25/27 MP: 2/2
   363 | D:1      | Reached skill level 3 in Axes
   519 | D:1      | Found Xaiciu's Jewellery Shoppe.
  1092 | D:2      | Reached XP level 3. HP: 33/33 MP: 3/3
  1290 | D:2      | Reached skill level 4 in Axes
  1345 | D:2      | Found Parraiwk's Weapon Shoppe.
  1399 | D:2      | Reached XP level 4. HP: 40/40 MP: 4/4
  1781 | D:3      | Reached skill level 5 in Axes
  1955 | D:3      | Identified the +4 dagger of Brawling {elec, rPois}
  2242 | D:3      | Found Tiefysm's Distillery.
  2600 | D:4      | Noticed Duvessa
  2600 | D:4      | Noticed Dowan
  2601 | D:4      | Killed Dowan
  2602 | D:4      | Reached XP level 5. HP: 46/46 MP: 5/5
  2606 | D:4      | Killed Duvessa
  2607 | D:4      | Reached skill level 6 in Axes
  2607 | D:4      | Reached XP level 6. HP: 12/53 MP: 6/6
  2701 | D:4      | Reached skill level 7 in Axes
  2832 | D:4      | Noticed Grinder
  2839 | D:4      | Killed Grinder
  2840 | D:4      | Reached skill level 8 in Axes
  2840 | D:4      | Reached XP level 7. HP: 57/60 MP: 7/7
  3063 | D:4      | Found a staircase to the Ecumenical Temple.
  3134 | Temple   | Entered the Ecumenical Temple
  3374 | D:4      | Found a sacrificial altar of Ru.
  3463 | D:5      | Entered Level 5 of the Dungeon
  3468 | D:5      | Reached skill level 5 in Armour
  3471 | D:5      | Reached skill level 9 in Axes
  3543 | D:5      | Reached XP level 8. HP: 67/67 MP: 8/8
  3607 | D:5      | Reached skill level 5 in Fighting
  3657 | D:5      | Reached skill level 10 in Axes
  3775 | D:5      | Found a runed translucent door.
  3776 | D:5      | Noticed Crazy Yiuf
  4142 | D:5      | Killed Crazy Yiuf
  4176 | D:5      | Gained mutation: You possess an exceptional clarity of
                  | mind. [potion of mutation]
  4176 | D:5      | Gained mutation: Your system is resistant to poisons.
                  | (rPois) [potion of mutation]
  4360 | D:6      | Reached skill level 11 in Axes
  4461 | D:6      | Reached XP level 9. HP: 75/75 MP: 9/9
  4474 | D:6      | Found Qestrag's Mayhem Merchandise.
  4484 | D:6      | Reached skill level 12 in Axes
  4580 | D:6      | Reached skill level 1 in Dodging
  4877 | D:6      | Reached skill level 13 in Axes
  5395 | Temple   | Became a worshipper of Gozag Ym Sagoz the Greedy
  5731 | D:7      | Reached skill level 5 in Shields
  5935 | D:7      | Found a flagged portal.
  5951 | Bailey   | Entered a bailey
  6000 | Bailey   | Reached XP level 10. HP: 68/86 MP: 10/10
  6048 | Bailey   | Reached skill level 14 in Axes
  6048 | Bailey   | Reached skill level 1 in Stealth
  6220 | Bailey   | Noticed an orc warlord
  6284 | Bailey   | Killed an orc warlord
  6285 | Bailey   | Reached skill level 15 in Axes
  6506 | Bailey   | Noticed an orc knight
  6515 | Bailey   | Killed an orc knight
  6601 | Bailey   | Acquired 509 gold pieces
  7204 | D:1      | Bought the amulet "Muejo" {rN++ Will+++ Regen+ Int-3 SInv}
                  | for 1027 gold pieces
  7492 | D:8      | Noticed Joseph
  7507 | D:8      | Killed Joseph
  7508 | D:8      | Reached skill level 16 in Axes
  7526 | D:8      | Found a shimmering blue altar of Sif Muna.
  7586 | D:8      | Reached XP level 11. HP: 89/94 MP: 11/11
  7633 | D:8      | Found a runed translucent door.
  7633 | D:8      | Found a shimmering altar of Xom.
  7633 | D:8      | Noticed porpoise's ghost (novice TrTm)
  7633 | D:8      | Noticed a +2 hand axe of chaos
  8086 | D:9      | Found a staircase to the Orcish Mines.
  8461 | D:9      | Found a glowing golden altar of the Shining One.
  8461 | D:9      | Found a white marble altar of Elyvilon.
  8468 | D:9      | Found a stormy altar of Qazlal.
  8470 | D:9      | Found a blossoming altar of Fedhas.
  8472 | D:9      | Found a faded altar of an unknown god.
  8646 | D:9      | Noticed a five-headed hydra
  8655 | D:9      | Noticed a deep elf pyromancer
  8655 | D:9      | Noticed a seven-headed hydra
  8655 | D:9      | Noticed a skeletal warrior
  8677 | D:9      | Noticed a wizard
  9116 | D:10     | Entered Level 10 of the Dungeon
  9312 | D:10     | Found a hazy altar of Hepliaklqana.
  9395 | D:10     | Noticed Lodul
  9875 | D:10     | Reached skill level 17 in Axes
  9987 | D:10     | Noticed a boulder beetle
  9998 | D:10     | Killed a boulder beetle
 10516 | D:10     | Killed Lodul
 10716 | D:2      | Bought the +6 broad axe "Tot Tie" {spect, Drain rF++ rCorr
                  | Dex+3} for 920 gold pieces
 12394 | D:8      | You fall into a shaft and drop 3 floors!
 12837 | Orc:1    | Entered Level 1 of the Orcish Mines
 12904 | Orc:1    | Reached skill level 5 in Stealth
 12904 | Orc:1    | Reached XP level 12. HP: 106/106 MP: 12/12
 13183 | Orc:2    | Entered Level 2 of the Orcish Mines
 13210 | Orc:2    | Identified the +0 kite shield of Beastly Freedom {+Inv Fly
                  | Dex+5}
 13210 | Orc:2    | Noticed Donald
 13236 | Orc:1    | Slain by Donald

Illustrated notes

Levels and vault maps discovered:
D:1:      lemuel_arrival_tunnels, layout_loops_ring,
          dreamdust_ecumenical_altar_statues, serial_shops, nicolae_shop_trees,
          minmay_misc_feat_chi
D:2:      layout_rooms, serial_shops, shop, minmay_increasing_density
D:3:      layout_basic, serial_shops, shop
D:4:      layout_basic, nicolae_ru_the_path_less_chosen,
          minmay_temple_entry_offerings, corner_web_ring, nicolae_hexahallways,
          minmay_misc_feat_tower, uniq_duvessa, uniq_grinder
D:5:      layout_loops_cross, uniq_crazy_yiuf_cottage
D:6:      cheibrodos_helix_gallery, layout_loops_ring, serial_undead,
          serial_undead_a, serial_undead_c, serial_undead_c, serial_undead_c,
          serial_undead_f, serial_undead_f, minmay_crystal_room,
          minmay_shop_mayhem
D:7:      layout_cave_pods, enter_bailey_3
D:8:      layout_rooms, kennysheep_orc_sif_temple, ebering_ghost_xom,
          uniq_joseph
D:9:      layout_grid_maze, chequers_temple_overflow_minitemple,
          minmay_orc_entry_guard_dogs, minivault_12
D:10:     layout_basic, nicolae_hepliaklqana_hippocampus, nzn_sisyphean_effort,
          uniq_lodul
D:11:     layout_basic, lair_entry_dummy, st_stairs_10,
          chequers_serial_rivers_micro_a, blue_anna_alchemist, uniq_fannar,
          uniq_erolcha, uniq_nergalle
Temple:   minmay_freezing_vapour_temple
Orc:1:    layout_diamond_mine, nicolae_orc_lava_room
Orc:2:    st_orc_mages, layout_diamond_mine, lemuel_statue_altar, uniq_donald

Skill      XL: |  1  2  3  4  5  6  7  8  9 10 11 |
---------------+----------------------------------+-----
Axes           | 3 4 5 6 8 9 11 13 16 17 | 17.6
Fighting       | 4 6 7 8 9 |  9.8
Armour         | 4 5 6 7 8 |  8.4
Shields        | 4 5 6 |  6.1
Dodging        | 1 2 |  2.6
Stealth        | 2 5 |  5.1

Action                   |  1- 3 |  4- 6 |  7- 9 | 10-12 || total
-------------------------+-------+-------+-------+-------++-------
Melee: War axe           |    96 |    50 |   228 |   260 ||   634
       Broad axe         |       |       |       |    29 ||    29
Evoke: Wand              |       |       |       |     2 ||     2
  Use: Scroll            |       |    11 |     4 |    11 ||    26
       Potion            |       |     4 |     7 |    19 ||    30
 Stab: Distracted        |       |       |     3 |     7 ||    10
       Invisible         |       |       |       |     4 ||     4
       Sleeping          |       |       |       |    10 ||    10
Armor: Scale mail        |    10 |       |       |       ||    10
       Plate armour      |    59 |    23 |   118 |    17 ||   217
       Troll leather arm |       |       |       |    26 ||    26
       Skin              |       |       |       |     2 ||     2
Dodge: Dodged            |    26 |     8 |    47 |    97 ||   178
Block: Buckler           |    26 |     8 |    50 |    41 ||   125

Table legend: (Time is in decaauts)
 A = Elapsed time spent in this place.
 B = Non-inter-level travel time spent in this place.
 C = Inter-level travel time spent in this place.
 D = Time resting spent in this place.
 E = Time spent auto-exploring this place.
 F = Levels seen in this place.
 G = Mean time per level.
                   A        B        C        D        E       F      G
               +--------+--------+--------+--------+--------+-----+--------+
         Total |  13162 |   9065 |   4097 |    467 |   6416 |  15 |  877.5 |
       Dungeon |  12077 |   8057 |   4020 |    316 |   5917 |  11 | 1097.9 |
        Temple |     40 |     40 |      0 |      0 |     10 |   1 |   40.0 |
  Orcish Mines |    394 |    317 |     77 |      0 |    250 |   2 |  197.0 |
        Bailey |    649 |    649 |      0 |    151 |    239 |   1 |  649.0 |
               +--------+--------+--------+--------+--------+-----+--------+

Top non-repeatable levels by time:
    D:10: 1910 daAuts
     D:9: 1736 daAuts
     D:5: 1257 daAuts
     D:1: 1126 daAuts
     D:6: 1109 daAuts
     D:3: 1093 daAuts
     D:4: 1081 daAuts
     D:8: 1048 daAuts
     D:7: 1048 daAuts
     D:2: 657 daAuts
  Bailey: 649 daAuts
   Orc:1: 385 daAuts
  Temple: 40 daAuts
   Orc:2: 9 daAuts
    D:11: 8 daAuts
